 Dungeon Crawl Stone Soup version 0.20.1-1-g8b1a95d (webtiles) character file.

69 Monsterracer the Insei (level 4, -1/28 HPs)
             Began as an Octopode Transmuter on Aug 8, 2017.
             Succumbed to an orc's poison
             ... on level 3 of the Dungeon.
             The game lasted 00:03:03 (2242 turns).

Monsterracer the Insei (Octopode Transmuter)        Turns: 2242, Time: 00:03:04

Health: -1/28      AC:  1    Str:  9    XL:     4   Next: 20%
Magic:  7/7        EV: 19    Int: 16    God:
Gold:   131        SH:  2    Dex: 17    Spells: 1/7 levels left

rFire    + . .     SeeInvis .     - Unarmed
rCold    + . .     Gourm    .   (no shield)
rNeg     . . .     Faith    .   (helmet restricted)
rPois    +         Spirit   .   o - +2 amulet of reflection
rElec    +         Reflect  +   (no ring)
rCorr    +         Harm     .   (no ring)
MR       +....                  (no ring)
Stlth    ++++......             (no ring)
Regen    0.1/turn               (no ring)
MPRegen  0.1/turn               (no ring)
                                (no ring)
                                (no ring)

@: agile, lethally poisoned (-1 -> -27), appendage (expiring), resistant, very
slightly contaminated, hasted, invisible, very quick
A: almost no armour, stealthy swim, amphibious, 8 rings, constrict 8, tentacle
spike 3, camouflage 1, magic resistance 1, sense surroundings 2, gelatinous body
1
a: End Transformation


You were on level 3 of the Dungeon.
You were very hungry.
One of your tentacles had a temporary spike.
You visited 1 branch of the dungeon, and saw 3 of its levels.

You collected 131 gold pieces.

Inventory:

Missiles
 a - 63 arrows
Jewellery
 o - a +2 amulet of reflection (around mantle)
Scrolls
 d - 2 scrolls of remove curse {unknown}
 h - 2 scrolls of noise {unknown}
 i - a scroll of enchant armour {unknown}
 k - 3 scrolls of identify {unknown}
 n - a scroll of random uselessness {unknown}
 q - a scroll of recharging {unknown}
Potions
 e - a potion of invisibility
 j - 2 potions of agility
 m - a potion of mutation
Books
 b - a book of Changes

   Spells                             Type                      Level
   a - Beastly Appendage              Transmutation                1
   b - Sticks to Snakes               Transmutation                2
   c - Spider Form                    Transmutation/Poison         3
   d - Ice Form                       Ice/Transmutation            4
   e - Blade Hands                    Transmutation                5
Comestibles
 c - 2 bread rations
 g - 2 meat rations


   Skills:
 - Level 1.0 Fighting
 - Level 2.0 Dodging
 + Level 4.1 Unarmed Combat
 - Level 2.0 Spellcasting
 + Level 3.2 Transmutations


You had one spell level left.
You knew the following spells:

 Your Spells              Type           Power        Failure   Level  Hunger
a - Beastly Appendage     Tmut           ##....       5%          1    #......
b - Sticks to Snakes      Tmut           ##......     9%          2    ###....
c - Spider Form           Tmut/Pois      #.........   32%         3    ###....


Dungeon Overview and Level Annotations

Branches:
Dungeon (3/15)

Altars:


Innate Abilities, Weirdness & Mutations

You cannot wear most types of armour.
You are very stealthy in the water. (Stealth+)
You are amphibious.
You can wear up to eight rings at the same time.
You can use your tentacles to constrict eight enemies at once.
Your skin changes colour to match your surroundings (Stealth+).
Your rubbery body absorbs attacks. (AC +1, EV +1)
One of your tentacles bears a large vicious spike.
You are resistant to hostile enchantments. (MR+)
You passively map the area around you.


Message History

* * * LOW HITPOINT WARNING * * *
You are more poisoned.
The goblin shoots a stone.
The stone hits the worm.
Huge Dmg: -25%(-7hp) hp: 18%(5hp) It was a potion of mutation.
You feel extremely strange.
You feel a strange attunement to the structure of the dungeons.
You feel resistant to hostile enchantments.
Your attunement to dungeon structure grows.
* * * LOW HITPOINT WARNING * * *
You feel sick. The orc barely misses you.
The goblin shoots a stone.
The stone barely misses the worm.
The stone misses the orc.
The stone closely misses you.
Huge Dmg: -7%(-2hp) hp: 11%(3hp) It was a potion of resistance.
You feel protected.
Your transformation is almost over.
* * * LOW HITPOINT WARNING * * *
You feel sick. The orc misses you.
Huge Dmg: -7%(-2hp) hp: 4%(1hp) It was a potion of haste.
You feel yourself speed up.
You die...

_ ...P #.....## * , #..#
#....... , , , #.P.
#....(.. , .# ,
,,#..g##....... ,..###
#..........# ..(. **
#..K(Kg#+#######..# ,,
#...##w...........# # *
* #...#.o#..........##.#
,#..##.@..####........##
,
+.P#........'.>........
#..##....####........# ,
, #. #....#...........#
, * ,,#8*
#.(..#.....#####.# , *
**, ####.#.....# *, , *
* * #.#.....# , , ,
,..##'######## *
..#.........#*


You could see a worm, an orc, a goblin and a kobold.

Vanquished Creatures
  3 adders (D:2)
  A dart slug (D:1)
  An orc (D:3)
  A ball python (D:1)
  7 bats
  2 giant cockroaches (D:2)
  7 hobgoblins
  4 kobolds
  A quokka (D:2)
  4 frilled lizards
  3 goblins
  5 rats
39 creatures vanquished.

Notes
Turn   | Place    | Note
-------+----------+-------------------------------------------
     0 | D:1      | Monsterracer the Octopode Transmuter began the quest for the Orb.
     0 | D:1      | Reached XP level 1. HP: 13/13 MP: 3/3
   476 | D:1      | Reached XP level 2. HP: 17/18 MP: 5/5
   480 | D:1      | Learned a level 2 spell: Sticks to Snakes
   943 | D:2      | Reached XP level 3. HP: 16/23 MP: 2/6
   946 | D:2      | HP: 11/23 [poisoned by an adder]
   952 | D:2      | HP: 10/23 [poisoned by an adder]
   960 | D:2      | HP: 8/23 [poisoned by an adder]
  1241 | D:2      | Learned a level 3 spell: Spider Form
  1477 | D:2      | Reached skill level 4 in Unarmed Combat
  1807 | D:2      | Reached XP level 4. HP: 20/28 MP: 7/7
  1817 | D:2      | HP: 14/28 [poisoned by an adder]
  1823 | D:2      | HP: 12/28 [poisoned by an adder]
  1831 | D:2      | HP: 11/28 [poisoned by an adder]
  2236 | D:3      | HP: 14/28 [poisoned by an orc]
  2239 | D:3      | HP: 5/28 [orc/mace of venom (6)]
  2240 | D:3      | Gained mutation: You passively map a small area around you. [potion of mutation]
  2240 | D:3      | Gained mutation: You are resistant to hostile enchantments. (MR+) [potion of mutation]
  2240 | D:3      | Gained mutation: You passively map the area around you. [potion of mutation]
  2241 | D:3      | HP: 1/28 [poisoned by an orc]
  2242 | D:3      | Succumbed to an orc's poison

Skill      XL: |  1  2  3 |
---------------+----------+-----
Transmutations | 3 |  3.2
Unarmed Combat | 4 |  4.1
Fighting       | |  1.0
Dodging        | |  2.0
Spellcasting   | |  2.0

Action                   |  1- 3 |  4- 6 || total
-------------------------+-------+-------++-------
Melee: Unarmed           |    85 |    12 ||    97
       Constrict         |    22 |     3 ||    25
       Tentacles         |    12 |     3 ||    15
       Kick              |     2 |     1 ||     3
       Punch             |     1 |     1 ||     2
 Cast: Beastly Appendage |     8 |     3 ||    11
       Sticks to Snakes  |     2 |       ||     2
  Use: Potion            |       |     5 ||     5
 Stab: Sleeping          |     6 |       ||     6
  Eat: Chunk             |     2 |     1 ||     3
Armor: Skin              |    19 |       ||    19
Dodge: Dodged            |    56 |    13 ||    69
Block: Other             |     1 |       ||     1
